 Dungeon Crawl Stone Soup version 0.18-a0-1778-gadce9fa (webtiles) character file.

8029 Ijustatesigmund the Brawler (level 11, -10/102 HPs)
             Began as a Troll Hunter on Apr 16, 2016.
             Was a High Priest of Okawaru.
             Mangled by an orc warrior
             ... wielding a +0 flail
              (11 damage)
             ... on level 9 of the Dungeon.
             The game lasted 00:26:48 (8651 turns).

Ijustatesigmund the Brawler (Troll Hunter)          Turns: 8651, Time: 00:26:49

Health: -10/102    AC:  9    Str: 22    XL:     11   Next: 4%
Magic:  10/10      EV:  9    Int:  7    God:    Okawaru [*****.]
Gold:   359        SH:  0    Dex: 13    Spells: 0 memorised, 10 levels left

rFire  . . .     SeeInvis .       - Unarmed
rCold  . . .     Gourm    +     b - +1 robe
rNeg   . . .     Faith    .     (no shield)
rPois  .         Spirit   .     (helmet restricted)
rElec  .         Dismiss  .     q - +2 cloak
rCorr  +         Reflect  .     (gloves unavailable)
SustAt +         Harm     .     (boots unavailable)
MR     .....                    (no amulet)
Stlth  +.........               O - ring of resist corrosion
                                p - ring of sustain attributes

@: slowed, heavily drained, very slow, not resistant to hostile enchantments,
very unstealthy
A: unfitting armour, claws 3, fast metabolism 3, gourmand, regeneration 2,
shaggy fur 1, tough skin 2
a: Heroism, Finesse, Renounce Religion


You were on level 9 of the Dungeon.
You worshipped Okawaru.
Okawaru was extremely pleased with you.
You were not hungry.

You visited 1 branch of the dungeon, and saw 10 of its levels.

You collected 468 gold pieces.
You spent 109 gold pieces at shops.

Inventory:

Hand Weapons
 x - a +0 giant spiked club of freezing
Missiles
 d - a throwing net
 i - 3 javelins of returning
 I - a large rock (quivered)
Armour
 b - a +1 robe (worn)
 q - a +2 cloak (worn)
Jewellery
 p - a ring of sustain attributes (left claw)
 O - a ring of resist corrosion (right claw)
Wands
 c - a wand of iceblast (11/15)
 s - a wand of paralysis (0/24)
 C - a wand of acid (1/15)
 D - a wand of slowing (38/48)
 G - a wand of paralysis (15/24)
 M - a wand of acid (1/15)
Scrolls
 l - 2 scrolls of immolation
 v - 2 scrolls of enchant weapon
 y - 2 scrolls of remove curse
 z - 2 scrolls of magic mapping
 K - 2 scrolls of identify
Potions
 e - a potion of heal wounds
 g - a potion of agility
 h - a potion of flight
 j - 2 potions of mutation
 k - 5 potions of curing
 m - 7 potions of brilliance
 n - 2 potions of magic
 u - a potion of berserk rage
 B - a potion of ambrosia
 F - a potion of might
 J - a potion of invisibility
Comestibles
 f - 9 bread rations
 o - 4 meat rations
 r - 2 beef jerkies
 t - 2 royal jellies


   Skills:
 - Level 5.0(3.2) Fighting
 - Level 3.6(1.8) Throwing
 - Level 1.5(0.0) Dodging
 - Level 0.4(0.0) Stealth
 + Level 15.2(12.8) Unarmed Combat


You had 10 spell levels left.
You didn't know any spells.

Dungeon Overview and Level Annotations

Branches:
Dungeon (10/15)            Temple (0/1) D:5            Lair (0/8) D:9
    Orc: D:9-12

Altars:
Gozag
Nemelex Xobeh
Okawaru
Pakellas
Qazlal
Ru
Yredelemnul

Shops:
D:8 }=   D:9 *


Innate Abilities, Weirdness & Mutations

You are too large for most types of armour.
You have claws for hands.
Your metabolism is lightning-fast.
You like to eat raw meat.
You heal very quickly.
You are covered in fur (AC +1).
You have very tough skin (AC +2).


Message History

* * * LOW HITPOINT WARNING * * *
You scratch the orc warrior.
The orc warrior is lightly wounded.
You feel sick. The orc hits you but does no damage.
The orc warrior hits you with a flail.
* * * LOW HITPOINT WARNING * * *
You scratch the orc warrior but do no damage.
You claw the orc warrior!
The orc warrior is heavily wounded.
The orc hits you but does no damage. The orc warrior hits you with a flail!
* * * LOW HITPOINT WARNING * * *
You closely miss the orc warrior.
The orc warrior is heavily wounded.
The orc barely misses you. The orc warrior closely misses you.
You barely miss the orc warrior.
The orc warrior is heavily wounded.
You feel sick.
You are no longer poisoned.
The orc hits you but does no damage. The orc warrior hits you with a flail!
You die...

...# #..# # ...#
#.)# ####### #..#
#####..# #......
#..# #......#
#.##### #..#
#.####.# #?#
#..#### #.# #.#
#.# #.....#
#.####.# #.#
#.###.## #.##.o.#
#.# #.##...##
#.##@### #.#
..#.#.#.#####.##o#
#.#
..#......[....##.#
#.#
..#.#.#.########.#
#.# ..#....##
#.##########.#
..#.#.##
###.#......†...#
#######
#.....##########
≈≈≈≈≈# ###.....#
≈#.#≈### #.......#


You could see an orc warrior and an orc.

Vanquished Creatures
  A hill giant (D:9)
  Joseph (D:8)
  3 kobold demonologists (D:8)
  Grinder (D:6)
  The ghost of Ijustatesigmund the Chucker, an amateur TrHu (D:3)
  A steam dragon (D:8)
  3 hippogriffs
  2 hungry ghosts
  2 insubstantial wisps (D:8)
  Edmund (D:5)
  2 hell hounds (D:9)
  6 orc warriors
  2 ice beasts
  A phantom (D:8)
  A black bear (D:6)
  5 sky beasts (D:8)
  3 centaurs
  5 ogres
  2 big kobolds (D:8)
  4 giant frogs
  A gnoll sergeant (D:7)
  17 killer bees
  A howler monkey (D:6)
  4 wights (D:7)
  2 crimson imps
  A centaur zombie (D:6)
  3 giant frog zombies
  3 hounds
  A jelly (D:6)
  3 orc priests
  A centaur skeleton (D:4)
  9 orc wizards
  Jessica (D:2)
  2 iguanas
  7 worker ants
  A killer bee zombie (D:5)
  A hound skeleton (D:7)
  A worker ant zombie (D:6)
  4 gnolls (D:7)
  8 adders
  3 shadow imps
  2 adder skeletons
  An adder zombie (D:9)
  3 worms
  A dart slug (D:1)
  5 giant geckos
  37 orcs
  3 giant cockroaches
  11 goblins
  11 hobgoblins
  10 jackals
  13 kobolds
  5 quokkas
  4 ball pythons
  8 bats
  4 giant newts
  10 rats
249 creatures vanquished.

Vanquished Creatures (others)
  A sky beast (D:8)
1 creature vanquished.

Grand Total: 250 creatures vanquished

Notes
Turn   | Place    | Note
--------------------------------------------------------------
     0 | D:1      | Ijustatesigmund the Troll Hunter began the quest for the Orb.
     0 | D:1      | Reached XP level 1. HP: 19/19 MP: 0/0
   167 | D:1      | Reached XP level 2. HP: 27/28 MP: 1/1
   178 | D:1      | Reached skill level 1 in Unarmed Combat
   377 | D:1      | Reached XP level 3. HP: 36/36 MP: 2/2
   719 | D:1      | Reached skill level 2 in Unarmed Combat
  1018 | D:2      | Reached XP level 4. HP: 22/44 MP: 3/3
  1169 | D:2      | Noticed Jessica
  1173 | D:2      | Killed Jessica
  1222 | D:2      | Found a basalt altar of Yredelemnul.
  1222 | D:2      | Found a sacrificial altar of Ru.
  1558 | D:3      | Reached skill level 3 in Unarmed Combat
  1586 | D:3      | Noticed Ijustatesigmund's ghost (amateur TrHu)
  1601 | D:3      | Killed Ijustatesigmund's ghost
  1601 | D:3      | Reached skill level 4 in Unarmed Combat
  1601 | D:3      | Reached XP level 5. HP: 25/54 MP: 4/4
  1601 | D:3      | Reached XP level 6. HP: 28/62 MP: 5/5
  2696 | D:4      | Found an iron altar of Okawaru.
  2702 | D:4      | Became a worshipper of Warmaster Okawaru
  3165 | D:5      | Entered Level 5 of the Dungeon
  3278 | D:5      | Reached skill level 5 in Unarmed Combat
  3278 | D:5      | Reached XP level 7. HP: 55/71 MP: 6/6
  3313 | D:5      | Noticed Edmund
  3315 | D:5      | Killed Edmund
  3484 | D:5      | Reached * piety under Okawaru
  3484 | D:5      | Reached skill level 5 in Fighting
  3672 | D:5      | Found a staircase to the Ecumenical Temple.
  4142 | D:6      | Reached skill level 6 in Unarmed Combat
  4216 | D:6      | Reached skill level 7 in Unarmed Combat
  4256 | D:6      | Reached XP level 8. HP: 80/80 MP: 7/7
  4302 | D:6      | Found an opulent altar of Gozag.
  4511 | D:6      | Noticed Grinder
  4520 | D:6      | Killed Grinder
  4520 | D:6      | Reached ** piety under Okawaru
  4520 | D:6      | Reached skill level 8 in Unarmed Combat
  4732 | D:6      | Reached skill level 9 in Unarmed Combat
  4742 | D:6      | You fall through a shaft for 3 floors!
  4742 | D:9      | Found a staircase to the Lair.
  4859 | D:9      | Found Bifeor's Assorted Antiques.
  4862 | D:9      | Bought a sedimented dark potion for 20 gold pieces
  4862 | D:9      | Bought a scroll labeled CIEPLO KODEXOM for 23 gold pieces
  4862 | D:9      | Bought a sedimented yellow potion for 20 gold pieces
  4862 | D:9      | Bought a scroll of identify for 46 gold pieces
  5086 | D:8      | Reached skill level 10 in Unarmed Combat
  5090 | D:8      | Reached *** piety under Okawaru
  5174 | D:8      | Reached XP level 9. HP: 56/88 MP: 5/8
  5176 | D:8      | Received a gift from Okawaru
  5535 | D:8      | Reached skill level 11 in Unarmed Combat
  5688 | D:8      | Found an iron altar of Okawaru.
  5745 | D:8      | Reached skill level 12 in Unarmed Combat
  5878 | D:8      | Noticed Joseph
  5885 | D:8      | Found Woytinnepoe's Jewellery Shop.
  5891 | D:8      | Killed Joseph
  5891 | D:8      | Received a gift from Okawaru
  5891 | D:8      | Reached XP level 10. HP: 76/96 MP: 7/9
  5939 | D:8      | Reached **** piety under Okawaru
  6092 | D:8      | Reached skill level 13 in Unarmed Combat
  6658 | D:7      | Found a sparkling altar of Nemelex Xobeh.
  7294 | D:8      | Noticed an orange demon
  7339 | D:8      | Noticed a rust devil
  7444 | D:8      | Reached skill level 14 in Unarmed Combat
  7449 | D:8      | Noticed a rust devil
  7520 | D:8      | Found an oddly glowing altar of Pakellas.
  7521 | D:8      | Found Pakellas's Prime Provisions.
  7757 | D:9      | Found a stormy altar of Qazlal.
  8103 | D:10     | Entered Level 10 of the Dungeon
  8103 | D:10     | Noticed a hill giant
  8127 | D:9      | Noticed a hill giant
  8135 | D:9      | Killed a hill giant
  8135 | D:9      | Reached ***** piety under Okawaru
  8135 | D:9      | Reached skill level 15 in Unarmed Combat
  8423 | D:9      | Reached XP level 11. HP: 35/102 MP: 10/10
  8649 | D:9      | HP: 1/102 [orc warrior/flail (10)]
  8651 | D:9      | Mangled by an orc warrior

Vault maps used:
D:1:      dpeg_arrival_subterranean_lakeside_camping
D:2:      grunt_temple_overflow_open, first_bread, uniq_jessica
D:4:      okawaru_gym_becter
D:5:      minmay_temple_entry_poolview, uniq_edmund
D:6:      grunt_gozag_statues, uniq_grinder
D:7:      nemelex_diamond_rough_becter
D:8:      lemuel_round_altar, johnstein_pakellas_shop, serial_shops,
          nicolae_shop_crystal, hangedman_misty_isle, uniq_joseph
D:9:      kennysheep_little_box, minmay_lair_entry_lava, serial_shops,
          nicolae_shop_window_shopping
D:10:     david_orc_5, uniq_psyche

Skill      XL: |  1  2  3  4  5  6  7  8  9 10 |
---------------+-------------------------------+-----
Fighting       | 2 3 4 5 |  5.0
Unarmed Combat | 1 2 4 5 7 10 12 15 | 15.2
Throwing       | |  3.6
Dodging        | |  1.5
Stealth        | |  0.4

Action                   |  1- 3 |  4- 6 |  7- 9 | 10-12 || total
-------------------------+-------+-------+-------+-------++-------
Melee: Unarmed           |   143 |   107 |   222 |   247 ||   719
       Punch             |     1 |     2 |     9 |    18 ||    30
Throw: Large rock        |       |    16 |    20 |     2 ||    38
       Throwing net      |       |       |     1 |     1 ||     2
Invok: Heroism           |       |       |     5 |     5 ||    10
Evoke: Wand              |       |       |     4 |     2 ||     6
  Use: Scroll            |     5 |     4 |    16 |     8 ||    33
       Potion            |       |     1 |     2 |       ||     3
 Stab: Sleeping          |     1 |     2 |     1 |     1 ||     5
       Held in net/web   |       |       |     2 |       ||     2
       Paralysed         |       |       |     2 |       ||     2
       Distracted        |       |       |       |     1 ||     1
  Eat: Chunk             |    15 |    14 |    21 |    27 ||    77
       Fruit             |       |       |     1 |     5 ||     6
       Royal jelly       |       |       |     1 |       ||     1
Armor: Robe              |    60 |    30 |    77 |   107 ||   274
Dodge: Dodged            |    59 |    49 |   107 |   127 ||   342
